 Dungeon Sprint DCSS version 0.26-a0-542-gbaa144b (webtiles) character file.

Game seed: 2755557995333398210

8555 DikBut the Spry (level 11, -20/88 HPs)
             Began as an Octopode Transmuter on Aug 18, 2020.
             Was a High Priest of Dithmenos.
             Demolished by a lorocyproca (26 damage)
             ... in the Dungeon (Sprint I: "Red Sonja").
             The game lasted 00:28:05 (4486 turns).

DikBut the Spry (Octopode Transmuter)               Turns: 4486, Time: 00:28:05

Health: -20/88     AC:  5    Str:  5      XL:     11   Next: 32%
Magic:  1/21       EV: 20    Int: 11 (12) God:    Dithmenos [*****.]
Gold:   296        SH:  0    Dex: 12      Spells: 10/23 levels left

rFire    x . .     SeeInvis .     - Unarmed
rCold    + + +     Faith    .   (shield currently unavailable)
rNeg     . . .     Spirit   .   (helmet currently unavailable)
rPois    +         Reflect  .   (no amulet)
rElec    .         Harm     .   (no ring)
rCorr    .         Rnd*Rage +   (no ring)
MR       .....     NoTele   +   (no ring)
Stlth    +++++++...             (no ring)
HPRegen  0.00/turn              (no ring)
MPRegen  0.17/turn              (no ring)
                                (no ring)
                                (no ring)

@: ice-form (expiring), berserk cooldown, slowed, wreathed by umbra, very slow
A: large, almost no armour, stealthy swim, amphibious, 8 rings, (constrict 8),
berserk 3, clumsy 2, deterioration 2, dopey 2, screaming 2, inhibited
regeneration, weak 2, subdued magic 3
a: End Transformation, Shadow Step, Shadow Form, Renounce Religion


You were in the Dungeon.
You worshipped Dithmenos.
Dithmenos was extremely pleased with you.
You were a creature of crystalline ice.
You visited 1 branch You collected 1085 gold pieces.
You spent 789 gold pieces at shops.

Inventory:

Missiles
 h - 4 curare-tipped darts (quivered)
Armour
 a - the +0 buckler of the Other World (melded) {MR+ Str+3 Dex+3 Slay-2}
   (You bought it in a shop in the Dungeon)

   It affects your strength (+3).
   It affects your dexterity (+3).
   It affects your accuracy and damage with ranged weapons and melee attacks
   (-2).
   It affects your resistance to hostile enchantments.
Wands
 j - a wand of iceblast (8)
Scrolls
 c - a scroll of amnesia
 g - a scroll of blinking
 l - a scroll of enchant weapon
 n - a scroll of identify
Potions
 b - 3 potions of curing
 d - a potion of haste
 e - 2 potions of magic
 f - a potion of berserk rage
 m - 3 potions of heal wounds


   Skills:
 - Level 6.9 Fighting
 + Level 19.1 Dodging
 - Level 10.5 Stealth
 - Level 5.1 Shields
 - Level 11.1 Unarmed Combat
 - Level 6.7 Spellcasting
 - Level 6.6 Transmutations


You had 10 spell levels left.
You knew the following spells:

 Your Spells              Type           Power        Failure   Level
a - Beastly Appendage     Tmut           #.....       1%          1
b - Spider Form           Tmut/Pois      #.........   8%          3
c - Blade Hands           Tmut           #.........   21%         5
d - Ice Form              Ice/Tmut       #.......     28%         4

Your spell library contained the following spells:

 Spells                   Type           Power        Failure   Level
 Wereblood                Tmut           #.......     1%          2


Dungeon Overview and Level Annotations

Branches:
Dungeon (1/1)

Altars:
Cheibriados
Dithmenos
Elyvilon
Fedhas
Gozag
Hepliaklqana
Kikubaaqudgha
Makhleb
Nemelex Xobeh
Okawaru
Qazlal
Ru
Sif Muna
Trog
Uskayaw
Vehumet
Wu Jian
Xom
Yredelemnul
Zin
The Shining One
Jiyva
Lugonu

Shops:
D [!:!:?[

Annotations:
D exclusion: oklob plant


Innate Abilities, Weirdness & Mutations

You cannot wear most types of armour.
You are very stealthy in the water. (Stealth+)
You are amphibious.
You can wear up to eight rings at the same time.
((You can use your tentacles to constrict eight enemies at once.))
((Your skin changes colour to match your surroundings (Stealth+).))
((Your rubbery body absorbs attacks. (AC +1, EV +1)))
You have an uncontrollable temper.
You are very clumsy. (Dex -4)
Your body often deteriorates upon taking damage.
You are very dopey. (Int -4)
You sometimes yell uncontrollably at your foes.
You do not regenerate when monsters are visible.
You are very weak. (Str -4)
Your spells are much easier to cast, but much less powerful.


Message History

You closely miss something.
Your shadow closely misses something.
You hit something but do no damage. Something hits you!!
* * * LOW HITPOINT WARNING * * *
You feel a strong urge to attack something.
You are too berserk!
Really walk into a travel-excluded area?
Uppercase [Y]es or [N]o only, please.
Really walk into a travel-excluded area?
The meliai mumbles some strange prayers to its god against you.
Something smites you!
* * * LOW HITPOINT WARNING * * *
There is an open door here.
You feel your anger nearly subside.
You are no longer berserk.
You are exhausted.
You feel yourself slow down.
You close the door.
Your transformation is almost over.
Something unseen opens the door.
Something hits you!!
You die...

#######################
)'..#__#..')..#[[#§§$k+
.#..'..'..#)..##'#§#
###'#__####..)'..#.# ###
..#.####..#####..+.#+#$###
.##.#§§≈..#..##'####^.$#y#
'#_))≈§§..§..#.^Y○○#..$###
..._#≈§§.§#..#.°°.○°...$$#
_)#'##§#####+###.°.#○....#
#'#.#..§.###P+ #...###++##
#.####'###.### #..##
...'..[..'(∩# #^.#
...########## ##+# #.###
#'#.#


There were no monsters in sight!

Vanquished Creatures
  2 centaur warriors (D)
  Sonja (D)
  A deep troll (D)
  8 shining eyes (D)
  A gargoyle (D)
  2 kobold demonologists (D)
  4 demonic crawlers (D)
  A hornet (D)
  A slime creature (D)
  Sigmund (D)
  A yak (D)
  5 floating eyes (D)
  An ogre (D)
  A jelly (D)
  Ijyb (D)
31 creatures vanquished.

Vanquished Creatures (others)
  A merfolk siren (D)
  4 hornets (D)
  2 ballistomycete spores (D)
7 creatures vanquished.

Grand Total: 38 creatures vanquished

Notes
Turn   | Place    | Note
-------+----------+-------------------------------------------
     0 | D        | DikBut the Octopode Transmuter began the quest for the Orb.
     0 | D        | Reached XP level 1. HP: 13/13 MP: 3/3
     3 | D        | Noticed Ijyb
    13 | D        | Killed Ijyb
    13 | D        | Reached XP level 2. HP: 14/18 MP: 3/5
    13 | D        | Reached XP level 3. HP: 18/23 MP: 3/6
    19 | D        | Learned a level 3 spell: Spider Form
    83 | D        | Noticed an ogre
    91 | D        | Killed an ogre
    91 | D        | Reached XP level 4. HP: 33/33 MP: 3/7
   234 | D        | Noticed Sigmund
   243 | D        | Killed Sigmund
   243 | D        | Reached skill level 5 in Fighting
   243 | D        | Reached XP level 5. HP: 24/41 MP: 2/8
   243 | D        | Reached XP level 6. HP: 27/46 MP: 2/9
   453 | D        | Found an ornate altar of the Wu Jian Council.
   453 | D        | Found a shimmering blue altar of Sif Muna.
   455 | D        | Found a radiant altar of Vehumet.
   461 | D        | Reached skill level 10 in Unarmed Combat
   888 | D        | Found Agoutu's Distillery.
   888 | D        | Found an ancient bone altar of Kikubaaqudgha.
   888 | D        | Found a hazy altar of Hepliaklqana.
   888 | D        | Found a stormy altar of Qazlal.
   888 | D        | Found a hide-covered altar of Uskayaw.
   888 | D        | Found a blossoming altar of Fedhas.
   888 | D        | Found a bloodstained altar of Trog.
   888 | D        | Found an iron altar of Okawaru.
   888 | D        | Found a basalt altar of Yredelemnul.
   888 | D        | Found a glowing golden altar of the Shining One.
   888 | D        | Found a snail-covered altar of Cheibriados.
   888 | D        | Found a sacrificial altar of Ru.
   888 | D        | Found a glowing silver altar of Zin.
   888 | D        | Found a shadowy altar of Dithmenos.
   888 | D        | Found a white marble altar of Elyvilon.
   888 | D        | Noticed a yak
   897 | D        | Killed a yak
   898 | D        | Found an opulent altar of Gozag.
   899 | D        | Found a sparkling altar of Nemelex Xobeh.
   916 | D        | Killed a hornet
  1002 | D        | Bought a potion of curing for 39 gold pieces
  1002 | D        | Bought a potion of curing for 39 gold pieces
  1002 | D        | Bought a potion of heal wounds for 65 gold pieces
  1006 | D        | Became a worshipper of Dithmenos the Shadowed
  1017 | D        | Killed a hornet
  1037 | D        | Noticed Sonja
  1043 | D        | Killed Sonja
  1043 | D        | Reached skill level 10 in Stealth
  1043 | D        | Reached XP level 7. HP: 34/53 MP: 6/17
  1043 | D        | Reached XP level 8. HP: 38/58 MP: 6/18
  1151 | D        | Learned a level 5 spell: Blade Hands
  1156 | D        | Learned a level 4 spell: Ice Form
  1166 | D        | Found Rannuet's Armour Boutique.
  1235 | D        | Killed a merfolk siren
  1321 | D        | Killed a hornet
  1395 | D        | Found a burning altar of Makhleb.
  1395 | D        | Found a viscous altar of Jiyva.
  1395 | D        | Found a shimmering altar of Xom.
  1395 | D        | Found a corrupted altar of Lugonu.
  1395 | D        | Noticed a slime creature
  1430 | D        | Killed a slime creature
  1430 | D        | Reached skill level 5 in Dodging
  1743 | D        | Noticed a kobold demonologist
  1743 | D        | Noticed a kobold demonologist
  1745 | D        | Paralysed by a floating eye for 2 turns
  1749 | D        | Reached * piety under Dithmenos
  1749 | D        | Reached skill level 6 in Dodging
  1752 | D        | Killed a kobold demonologist
  1752 | D        | Reached skill level 8 in Dodging
  1758 | D        | Killed a kobold demonologist
  1758 | D        | Reached skill level 9 in Dodging
  1758 | D        | Reached XP level 9. HP: 63/63 MP: 16/19
  1899 | D        | Noticed a centaur warrior
  1904 | D        | Noticed a centaur warrior
  1914 | D        | Killed a centaur warrior
  1914 | D        | Reached skill level 12 in Dodging
  1920 | D        | Killed a centaur warrior
  1920 | D        | Reached ** piety under Dithmenos
  1920 | D        | Reached skill level 13 in Dodging
  1927 | D        | Killed a hornet
  2520 | D        | Noticed a hornet
  2660 | D        | Killed a hornet
  2660 | D        | Reached skill level 14 in Dodging
  2660 | D        | Reached XP level 10. HP: 63/69 MP: 17/20
  2678 | D        | Noticed an oklob plant
  2703 | D        | Noticed a deep troll
  2807 | D        | Noticed a shining eye
  2807 | D        | Noticed a shining eye
  2807 | D        | Noticed a shining eye
  2807 | D        | Noticed a shining eye
  2807 | D        | Noticed a shining eye
  2807 | D        | Noticed a shining eye
  2808 | D        | Gained mutation: Your body sometimes deteriorates upon
                  | taking damage. [a shining eye]
  2809 | D        | Noticed a shining eye
  2809 | D        | Noticed a shining eye
  2810 | D        | Gained mutation: You are dopey. (Int -2) [a shining eye]
  2811 | D        | Killed a shining eye
  2811 | D        | Gained mutation: You occasionally shout uncontrollably at
                  | your foes. [a shining eye]
  2813 | D        | Gained mutation: You do not regenerate when monsters are
                  | visible. [a shining eye]
  2816 | D        | Killed a shining eye
  2816 | D        | Reached *** piety under Dithmenos
  2816 | D        | Reached skill level 15 in Dodging
  2816 | D        | Gained mutation: Your spells are a little easier to cast,
                  | but a little less powerful. [a shining eye]
  2817 | D        | Paralysed by a floating eye for 3 turns
  2821 | D        | Gained mutation: You tend to lose your temper in combat. [a
                  | shining eye]
  2824 | D        | Gained mutation: You are weak. (Str -2) [a shining eye]
  2826 | D        | Gained mutation: You sometimes yell uncontrollably at your
                  | foes. [a shining eye]
  2826 | D        | Paralysed by a floating eye for 4 turns
  2826 | D        | Gained mutation: You are clumsy. (Dex -2) [a shining eye]
  2827 | D        | Gained mutation: Your body often deteriorates upon taking
                  | damage. [a shining eye]
  2828 | D        | Lost mutation: You are clumsy. (Dex -2) [a shining eye]
  2828 | D        | Gained mutation: Your spells are easier to cast, but less
                  | powerful. [a shining eye]
  2829 | D        | Gained mutation: You are clumsy. (Dex -2) [a shining eye]
  2831 | D        | Gained mutation: You often lose your temper in combat. [a
                  | shining eye]
  2832 | D        | Gained mutation: You have an uncontrollable temper. [a
                  | shining eye]
  2833 | D        | Gained mutation: Your spells are much easier to cast, but
                  | much less powerful. [a shining eye]
  2834 | D        | Killed a shining eye
  2834 | D        | Reached **** piety under Dithmenos
  2834 | D        | Reached skill level 16 in Dodging
  2837 | D        | Gained mutation: You are very clumsy. (Dex -4) [a shining
                  | eye]
  2837 | D        | Gained mutation: You are very dopey. (Int -4) [a shining
                  | eye]
  2838 | D        | Gained mutation: You are very weak. (Str -4) [a shining
                  | eye]
  2839 | D        | Killed a shining eye
  2839 | D        | Killed a shining eye
  2839 | D        | Reached skill level 17 in Dodging
  2842 | D        | Killed a shining eye
  2844 | D        | Killed a shining eye
  2844 | D        | Reached ***** piety under Dithmenos
  2844 | D        | Reached skill level 18 in Dodging
  2850 | D        | Killed a shining eye
  2850 | D        | Reached XP level 11. HP: 74/74 MP: 21/21
  3167 | D        | Found Wiymaih's Distillery.
  3167 | D        | Found Vunguhi's Magic Scroll Boutique.
  3167 | D        | Found Qicoos's Book Emporium.
  3168 | D        | Found Karchu Wooho's Book Shop.
  3201 | D        | Bought 2 potions of heal wounds for 130 gold pieces
  3201 | D        | Bought a potion of heal wounds for 65 gold pieces
  3201 | D        | Bought a potion of curing for 39 gold pieces
  3210 | D        | Bought a scroll of identify for 24 gold pieces
  3211 | D        | Bought a scroll of identify for 24 gold pieces
  3211 | D        | Bought a scroll of identify for 24 gold pieces
  3211 | D        | Bought a scroll of identify for 24 gold pieces
  3211 | D        | Bought a scroll of identify for 24 gold pieces
  3395 | D        | Killed a deep troll
  3673 | D        | Found Balome's Armour Emporium.
  3680 | D        | Bought the cursed +0 buckler of the Other World {MR+ Str+3
                  | Dex+3 Slay-2} for 256 gold pieces
  3747 | D        | Bought a scroll of remove curse for 36 gold pieces
  3854 | D        | Reached skill level 5 in Shields
  4264 | D        | Noticed a lindwurm
  4466 | D        | Reached skill level 19 in Dodging
  4486 | D        | Demolished by a lorocyproca

Illustrated notes

Levels and vault maps discovered:
D:        dungeon_sprint_1 [red_sonja_temple_1, red_sonja_temple_small_1]

Skill      XL: |  1  2  3  4  5  6  7  8  9 10 11 |
---------------+----------------------------------+-----
Stealth        | 8 10 | 10.5
Fighting       | 3 5 6 |  6.9
Unarmed Combat | 6 9 11 | 11.1
Spellcasting   | 6 |  6.7
Transmutations | 6 |  6.6
Dodging        | 9 14 18 19 | 19.1
Shields        | 5 |  5.1

Action                   |  1- 3 |  4- 6 |  7- 9 | 10-12 || total
-------------------------+-------+-------+-------+-------++-------
Melee: Unarmed           |    15 |    20 |    33 |    70 ||   138
       Kick              |     6 |       |       |       ||     6
       Tentacles         |     4 |       |       |     9 ||    13
       Constrict         |     1 |       |       |    14 ||    15
       Punch             |       |       |       |     3 ||     3
 Cast: Beastly Appendage |     1 |       |       |       ||     1
       Spider Form       |     1 |     5 |     2 |       ||     8
       Ice Form          |       |       |     3 |     5 ||     8
       Blade Hands       |       |       |     1 |     6 ||     7
  Use: Potion            |       |     1 |     4 |       ||     5
       Scroll            |       |       |       |     5 ||     5
 Stab: Sleeping          |     1 |     1 |       |     4 ||     6
       Distracted        |       |       |     1 |       ||     1
Armor: Skin              |     2 |       |    10 |       ||    12
Dodge: Dodged            |     6 |    12 |    25 |    64 ||   107
Block: Buckler           |       |       |       |     1 ||     1

Table legend: (Time is in decaauts)
 A = Elapsed time spent in this place.
 B = Non-inter-level travel time spent in this place.
 C = Inter-level travel time spent in this place.
 D = Time resting spent in this place.
 E = Time spent auto-exploring this place.
 F = Levels seen in this place.
 G = Mean time per level.
                   A        B        C        D        E       F      G
               +--------+--------+--------+--------+--------+-----+--------+
         Total |   4496 |   4404 |     92 |   3500 |      0 |   1 | 4496.0 |
       Dungeon |   4496 |   4404 |     92 |   3500 |      0 |   1 | 4496.0 |
               +--------+--------+--------+--------+--------+-----+--------+

Top non-repeatable levels by time:
       D: 4496 daAuts
